 Dungeon Crawl Stone Soup version 0.24-a0-335-g06ca16a (webtiles) character file.

Game seed: 15040348974440637077

40 Borgoz the Twirler (level 3, 0/22 HPs)
             Began as a Gargoyle Gladiator on May 19, 2019.
             Slain by an ice beast (9 damage)
             ... on level 2 of the Dungeon.
             The game lasted 00:01:23 (1138 turns).

Borgoz the Twirler (Gargoyle Gladiator)             Turns: 1138, Time: 00:01:24

Health: 0/22       AC:  7    Str: 17    XL:     3   Next: 50%
Magic:  3/3        EV: 12    Int:  8    God:
Gold:   25         SH:  0    Dex: 12    Spells: 2/2 levels left

rFire    . . .     SeeInvis .   a - +0 quarterstaff
rCold    . . .     Gourm    .   (shield currently unavailable)
rNeg     + . .     Faith    .   b - +0 leather armour
rPois    ∞         Spirit   .   c - +0 helmet
rElec    +         Reflect  .   l - scarf {repulsion}
rCorr    .         Harm     .   (no gloves)
MR       .....                  (no boots)
Stlth    +.........             (no amulet)
HPRegen  0.07/turn              (no ring)
MPRegen  0.08/turn              (no ring)

@: repel missiles
A: negative energy resistance 1, electricity resistance, unbreathing,
petrification resistance, rot immunity, AC +3
a: no special abilities


You were on level 2 of the Dungeon.
You were not hungry.

You visited 1 branch of the dungeon, and saw 2 of its levels.

You collected 25 gold pieces.

Inventory:

Hand Weapons
 a - a +0 quarterstaff (weapon)
Missiles
 d - 2 throwing nets (quivered)
Armour
 b - a +0 leather armour (worn)
 c - a +0 helmet (worn)
 l - a scarf of repulsion (worn)
Scrolls
 e - a scroll of random uselessness {unknown}
 g - a scroll of fog {unknown}
 h - 3 scrolls of identify {unknown}
 i - a scroll of teleportation {unknown}
 k - a scroll of fear {unknown}
 m - a scroll of magic mapping {unknown}
Potions
 j - a potion of curing {unknown}
Comestibles
 f - 4 rations


   Skills:
 + Level 2.5 Fighting
 * Level 3.5 Staves
 - Level 1.7 Throwing
 + Level 1.2 Armour
 * Level 2.9 Dodging


You had 2 spell levels left.
You didn't know any spells.
Your spell library was empty.

Dungeon Overview and Level Annotations

Branches:
Dungeon (2/15)

Altars:
Dithmenos


Innate Abilities, Weirdness & Mutations

You are resistant to torment.
Your stone body is resilient. (AC +3)
You are immune to poison.
You resist negative energy. (rN+)
You are resistant to electric shocks. (rElec)
You can survive without breathing.
You are immune to petrification.
You are immune to rotting.


Message History

The ice beast struggles against the net.
You hit the ice beast.
The ice beast is heavily wounded.
The ice beast struggles against the net.
You catch the helpless ice beast completely off-guard!
You sock the ice beast!
The ice beast is severely wounded.
The ice beast struggles against the net.
The net rips apart, and the ice beast comes free!
You hit the ice beast but do no damage.
The ice beast is severely wounded.
The ice beast closely misses you.
You closely miss the ice beast.
The ice beast is severely wounded.
The ice beast hits you but does no damage.
You closely miss the ice beast.
The ice beast is severely wounded.
The ice beast closely misses you. The ice beast hits you.
The ice beast freezes you!
You die...

#.....## #......# #......+
#......# #......# #$.....#
#......#
#......########################
#............Y@.............>..
#..........####.########..#####
################# ###.....#
##...#...## #...###.#
##.........###.####..#
#_.......)...#.##...##
##.....÷...#...##.###
##...#...####.##.#####..
###########...........#


You could see an ice beast.

Vanquished Creatures
  6 bats
  A giant cockroach (D:1)
  5 goblins
  4 hobgoblins (D:1)
  8 jackals (D:1)
  2 kobolds
  3 frilled lizards (D:1)
  7 rats
36 creatures vanquished.

Notes
Turn   | Place    | Note
-------+----------+-------------------------------------------
     0 | D:1      | Borgoz the Gargoyle Gladiator began the quest for the Orb.
     0 | D:1      | Reached XP level 1. HP: 12/12 MP: 1/1
    84 | D:1      | Reached XP level 2. HP: 15/18 MP: 2/2
   530 | D:1      | Reached skill level 1 in Armour
   530 | D:1      | Reached XP level 3. HP: 21/22 MP: 3/3
  1042 | D:2      | Found a shadowy altar of Dithmenos.
  1093 | D:2      | Noticed an ice beast
  1138 | D:2      | Slain by an ice beast

Levels and vault maps discovered:
D:1:      sevenhm_arrival_forest_fort_small_3, layout_basic, minivault_24,
          minmay_small_reverse_x
D:2:      layout_rooms, marbit_many_paths, chequers_ecumenical_altar_twisty,
          roderic_serpentine_path, tso_metal_star

Skill      XL: |  1  2 |
---------------+-------+-----
Armour         | 1 |  1.2
Fighting       | |  2.5
Staves         | |  3.5
Throwing       | |  1.7
Dodging        | |  2.9

Action                   || total
-------------------------++-------
Melee: Quarterstaff      ||   111
Throw: Throwing net      ||     1
 Stab: Held in net/web   ||     1
  Eat: Chunk             ||     1
Armor: Leather armour    ||    71
Dodge: Dodged            ||    94

Table legend:
 A = Non-vault XP
 B = Vault XP
 C = Vault XP percentage of total XP
 D = Non-vault monster count
 E = Vault monster count
 F = Vault count percentage of total count
                 A         B        C        D         E       F
            +---------+---------+-------+---------+---------+-------
      Total |      51 |       7 |  12.1 |      31 |       5 |  13.9
            +---------+---------+-------+---------+---------+-------
        D:1 |      43 |       6 |  12.2 |      26 |       4 |  13.3
        D:2 |       8 |       1 |  11.1 |       5 |       1 |  16.7
            +---------+---------+-------+---------+---------+-------
